 Dungeon Crawl Stone Soup version 0.26.1-11-gd32895ea62 (webtiles) character file.

Game seed: 17750250526963047153

499 Acheron the Slasher (level 6, -3/55 HPs)
             Began as a Palentonga Warper on June 16, 2021.
             Killed by nerve-wracking pain
             ... invoked by an orc priest
              (12 damage)
             ... on level 4 of the Dungeon.
             The game lasted 00:23:43 (5075 turns).

Acheron the Slasher (Palentonga Warper)             Turns: 5075, Time: 00:23:43

Health: -3/55      AC:  9    Str: 15    XL:     6   Next: 94%
Magic:  9/9        EV: 10    Int: 14    God:
Gold:   184        SH:  0    Dex: 10    Spells: 2/10 levels left

rFire    . . .     SeeInvis +   a - +0 falchion
rCold    . . .     Faith    .   (no shield)
rNeg     . . .     Spirit   .   c - +3 leather armour
rPois    .         Reflect  .   h - +1 helmet
rElec    .         Harm     .   (no cloak)
rCorr    .         Rampage  .   (no gloves)
Will     .....                  (no barding)
Stlth    +.........             (no amulet)
HPRegen  0.18/turn              (no ring)
MPRegen  0.11/turn              (no ring)

@: no status effects
A: large, rugged brown scales 3, see invisible, deformed body, roll 1, armoured
tail
a: Rolling Charge


You were on level 4 of the Dungeon.
You visited 1 branch of the dungeon, and saw 5 of its levels.
You also visited: Sewer.

You collected 184 gold pieces.

Inventory:

Hand Weapons
 a - a +0 falchion (weapon)
 b - a +1 hand axe of electrocution
 p - a +0 vampiric dagger
 w - a +0 war axe
Missiles
 e - 4 boomerangs of dispersal
 f - 24 stones
 l - a boomerang (quivered)
Armour
 c - a +3 leather armour (worn)
 h - a +1 helmet (worn)
Scrolls
 q - a scroll of magic mapping
 r - 2 scrolls of remove curse
Potions
 g - a potion of cancellation {unknown}
 i - 2 potions of curing
 k - a potion of mutation {unknown}
 n - 3 potions of flight
 o - a potion of invisibility {unknown}
 s - a potion of ambrosia {unknown}
 u - 3 potions of lignification {unknown}
 v - a potion of haste {unknown}


   Skills:
 * Level 3.7 Fighting
 + Level 4.1 Long Blades
 + Level 0.6 Throwing
 * Level 2.3 Armour
 * Level 3.0 Dodging
 * Level 0.9 Stealth
 * Level 2.5 Spellcasting
 * Level 3.6 Translocations


You had 2 spell levels left.
You knew the following spells:

 Your Spells              Type           Power        Failure   Level
a - Teleport Other        Tloc           12%          19%         3
b - Blink                 Tloc           N/A          10%         2
c - Gell's Gravitas       Tloc           6%           19%         3

Your spell library contained the following spells:

 Spells                   Type           Power        Failure   Level
 Shock                    Conj/Air       4%           28%         1
 Swiftness                Air            1%           38%         2
 Lesser Beckoning         Tloc           6%           19%         3
 Passage of Golubria      Tloc           N/A          52%         4
 Static Discharge         Conj/Air       1%           63%         3
 Airstrike                Air            0%           95%         4
 Lightning Bolt           Conj/Air       0%           100%        5


Dungeon Overview and Level Annotations

Branches:
Dungeon (5/15)              Sewer (visited)
 Temple: D:4-7

Altars:
Cheibriados
Dithmenos
Fedhas
Vehumet
Zin

Annotations:
D:2 1 runed translucent door, Crazy Yiuf
D:3 exclusion: downstairs
D:4 exclusion: downstairs, Dowan


Innate Abilities, Weirdness & Mutations

You are completely covered in rugged brown scales. (AC +3, +7% HP)
You have supernaturally acute eyesight. (SInv)
Armour fits poorly on your strangely shaped body.
You can roll at nearby foes to attack.
You have a long armoured tail.


Message History

Okay, then.
As you read the scroll of teleportation, it crumbles to dust.
You feel strangely unstable.
The orc warrior hits you with a +1 dire flail of holy wrath.
* * * LOW HITPOINT WARNING * * *
Your surroundings suddenly seem different.
The orc priest shouts!
The orc priest casts a cantrip, but nothing happens.
The orc priest shouts!
You hear a shout!
There is an open door here.
The orc priest barely misses you.
You riposte.
The orc shouts!
You hit the orc priest but do no damage.
You closely miss the orc priest.
The orc priest hits you but does no damage.
You hit the orc priest but do no damage.
The orc hits you but does no damage.
The orc priest mumbles some strange prayers to Beogh against you.
Pain shoots through your body!
You die...

########....§.#............♣≈≈
#......####'###...........≈≈≈.
##.........................≈...
#.....................######..#
#.....................'......h.
#.....................#........
...####'#..............#........
.. #....#.......o......#....####
. #....#......@o......####'####
#....#####'###......#........
#...###......#......#........
#...###......#......#..<.o...
+...#≈#......#......#........
#...#≈#..>...#......+....)...
#....≈.......#....[.####'##.#
#....≈..##≈≈≈# .......#..##.#
#....≈....≈o≈# .......#......


You could see an orc priest and an orc.

Vanquished Creatures
  A centaur (D:5)
  A scorpion (D:4)
  A howler monkey (D:5)
  2 orc priests (D:3)
  2 orc wizards (D:3)
  Jessica (D:3)
  Natasha (D:2)
  A worker ant (D:5)
  2 adders
  An ooze (Sewer)
  A worm (D:3)
  3 dart slugs
  7 leopard geckos
  14 orcs
  14 bats
  7 giant cockroaches
  4 goblins
  5 hobgoblins
  12 jackals
  9 kobolds
  4 ball pythons
  6 frilled lizards
  7 rats
106 creatures vanquished.

Notes
Turn   | Place    | Note
-------+----------+-------------------------------------------
     0 | D:1      | Acheron the Palentonga Warper began the quest for the Orb.
     0 | D:1      | Reached XP level 1. HP: 18/18 MP: 3/3
   170 | D:1      | Reached XP level 2. HP: 22/25 MP: 5/5
   646 | D:2      | Reached XP level 3. HP: 31/31 MP: 6/6
   651 | D:2      | Learned a level 3 spell: Teleport Other
   654 | D:2      | Learned a level 2 spell: Blink
   912 | D:3      | Reached skill level 1 in Armour
   929 | D:3      | Reached XP level 4. HP: 12/38 MP: 7/7
  1206 | D:3      | Found a glowing drain.
  1227 | Sewer    | Entered a sewer
  1937 | D:2      | Reached skill level 3 in Long Blades
  1937 | D:2      | Found a shadowy altar of Dithmenos.
  1980 | D:2      | Reached XP level 5. HP: 39/44 MP: 8/8
  2309 | D:2      | Found a runed translucent door.
  2310 | D:2      | Noticed Crazy Yiuf
  2441 | D:2      | Found a blossoming altar of Fedhas.
  2510 | D:2      | Noticed Natasha
  2520 | D:2      | Killed Natasha
  2978 | D:3      | Noticed Jessica
  2996 | D:3      | Killed Jessica
  3318 | D:3      | Found a radiant altar of Vehumet.
  3318 | D:3      | Found a snail-covered altar of Cheibriados.
  3450 | D:3      | Reached XP level 6. HP: 54/54 MP: 9/9
  3944 | D:4      | Noticed an orc warrior
  4156 | D:5      | Entered Level 5 of the Dungeon
  4182 | D:5      | Noticed an ice beast
  4225 | D:4      | Noticed Dowan
  4332 | D:5      | Learned a level 3 spell: Gell's Gravitas
  4332 | D:5      | Found a glowing silver altar of Zin.
  4349 | D:5      | Reached skill level 4 in Long Blades
  4512 | D:5      | Noticed a two-headed ogre
  5075 | D:4      | Killed from afar by an orc priest

Illustrated notes

Levels and vault maps discovered:
D:1:      amcnicky_arrival_blooded_trapdoor, layout_loops_ring,
          kennysheep_nondescript, minmay_tiny_reverse_x
D:2:      layout_rooms, general_overflow_altar,
          nicolae_dithmenos_through_a_glass_darkly, uniq_natasha,
          uniq_crazy_yiuf_cottage
D:3:      layout_loops_corners, gammafunk_temple_overflow_pools,
          gup_sewer_entry_pipe, uniq_jessica
D:4:      layout_gridville, grunt_temple_overflow_champion_of_chaos,
          serial_rivers, chequers_serial_rivers_small_a,
          chequers_serial_rivers_marsh, chequers_serial_rivers_micro_a,
          chequers_serial_rivers_large_a, chequers_serial_rivers_micro_d,
          chequers_serial_rivers_micro_d, uniq_duvessa
D:5:      layout_loops_ring, old_standard_altar, dancing_weapons_uskayaw,
          kennysheep_mini, minmay_starry_boxes, uniq_eustachio

Skill      XL: |  1  2  3  4  5  6 |
---------------+-------------------+-----
Dodging        | 2 3 |  3.0
Armour         | 1 2 |  2.3
Long Blades    | 3 4 |  4.1
Fighting       | 3 |  3.7
Throwing       | |  0.6
Stealth        | |  0.9
Spellcasting   | |  2.5
Translocations | |  3.6

Action                   |  1- 3 |  4- 6 || total
-------------------------+-------+-------++-------
Melee: Falchion          |   101 |   250 ||   351
       Tailslap          |     9 |    39 ||    48
Throw: Boomerang         |     2 |     3 ||     5
 Abil: Rolling Charge    |       |     1 ||     1
  Use: Scroll            |     1 |     7 ||     8
Armor: Leather armour    |    37 |   101 ||   138
Dodge: Dodged            |    46 |   147 ||   193
       Rpst.: Falchion   |    19 |    51 ||    70
